 Dungeon Crawl Stone Soup version 0.32-a0-450-g080537f31e (webtiles) character file.

Game seed: 2942072657762814073

442 PriceMaster the Magician (level 6, -6/28 HPs)
             Began as a Spriggan Air Elementalist on Feb 24, 2024.
             Was a Plaything of Xom.
             Mangled by soul19's ghost (7 damage)
             ... on level 4 of the Dungeon.
             The game lasted 00:06:27 (4153 turns).

PriceMaster the Magician (SpAE)                     Turns: 4153, Time: 00:06:28

Health: -6/28      AC:  3    Str:  4    XL:     6   Next: 71%
Magic:  10/16      EV: 18    Int: 18    God:    Xom [..*...]
Gold:   223        SH:  0    Dex: 16    Spells: 12/17 levels left

rFire   . . .        f - +2 whip (venom)
rCold   . . .        (no shield)
rNeg    . . .        a - +0 robe
rPois   .            (helmet restricted)
rElec   .            l - +0 cloak
rCorr   .            (gloves unavailable)
SInv    +            (boots unavailable)
Will    +....        (no amulet)
Stlth   +++          (no ring)
HPRegen 0.24/turn    (no ring)
MPRegen 0.15/turn

%: no passive effects
@: mighty, brilliant, attractive, very quick
A: very small, no large weapons, unfitting armour, see invisible, speed 3
a: Renounce Religion


You were on level 4 of the Dungeon.
You worshipped Xom.
You were a toy of Xom.
You visited 1 branch of the dungeon, and saw 4 of its levels.

You collected 223 gold pieces.

Inventory:

Hand Weapons
 e - a +0 dagger
 f - a +2 whip of venom (weapon)
Missiles
 n - a throwing net
Armour
 a - a +0 robe (worn)
 l - a +0 cloak (worn)
Magical Staves
 b - a staff of conjuration
Jewellery
 p - an amulet of regeneration
 r - a +6 ring of dexterity
Scrolls
 c - 2 scrolls of amnesia
 d - a scroll of immolation {unknown}
 i - 5 scrolls of identify
 s - 2 scrolls of brand weapon {unknown}
 t - a scroll of teleportation {unknown}
Potions
 g - a potion of invisibility {unknown}
 h - a potion of degeneration {unknown}
 j - 2 potions of attraction {unknown}
 k - a potion of brilliance
 m - a potion of enlightenment {unknown}
 o - a potion of might {unknown}
 q - a potion of curing {unknown}


   Skills:
 + Level 0.1 Fighting
 + Level 0.3 Maces & Flails
 + Level 3.3 Dodging
 + Level 3.5 Stealth
 * Level 6.4 Spellcasting
 + Level 2.2 Conjurations
 + Level 3.9 Air Magic
 + Level 0.5 Alchemy


You had 12 spell levels left.
You knew the following spells:

 Your Spells              Type           Power      Damage    Failure   Level
a - Shock                 Conj/Air       100%       1d9       3%          1
b - Static Discharge      Conj/Air       50%        3-6/arc   4%          2
c - Mercury Vapours       Alch/Air       40%        N/A       7%          2

Your spell library contained the following spells:

 Spells                   Type           Power      Damage    Failure   Level
 Swiftness                Air            29%        N/A       7%          3
 Mephitic Cloud           Conj/Alch/Air  20%        N/A       14%         3
 Hailstorm                Conj/Ice       14%        3d6       22%         3
 Airstrike                Air            14%        2d(3-19)  22%         4
 Summon Ice Beast         Ice/Summ       8%         N/A       34%         3
 Freezing Cloud           Conj/Ice/Air   9%         6-21      80%         5
 Summon Forest            Summ/Tloc      4%         N/A       97%         5
 Eringya's Noxious Bog    Alch           5%         4d6       100%        6
 Sculpt Simulacrum        Ice/Alch       5%         N/A       100%        6
 Ozocubu's Refrigeration  Ice            4%         4d8       100%        7
 Summon Hydra             Summ           4%         N/A       100%        7
 Polar Vortex             Ice            4%         N/A       100%        9


Dungeon Overview and Level Annotations

Branches:
Dungeon (4/15)             Temple (0/1) D:4

Altars:
Xom

Shops:
D:3 *

Annotations:
D:4 soul19's ghost, amateur GrSh


Innate Abilities, Weirdness & Mutations

You are very small and have problems with some larger weapons.
You are too small for most types of armour.
You have supernaturally acute eyesight. (SInv)
You cover ground extremely quickly. (Speed+++)


Message History

Confirm with . or Enter, or press ? or * to list all spells.
Aiming: Shock (safe; 3% risk of failure)
Press: ? - help, Shift-Dir - straight line, p - soul19's ghost The zap hits soul19's ghost.
Soul19's ghost completely resists.
Soul19's ghost is lightly damaged.
Soul19's ghost hits you.
Casting: Shock (safe; 3% risk of failure)
Confirm with . or Enter, or press ? or * to list all spells.
Aiming: Shock (safe; 3% risk of failure)
Press: ? - help, Shift-Dir - straight line The zap hits soul19's ghost.
Soul19's ghost resists.
Soul19's ghost is lightly damaged.
Soul19's ghost completely misses you.
Casting: Shock (safe; 3% risk of failure)
Confirm with . or Enter, or press ? or * to list all spells.
Aiming: Shock (safe; 3% risk of failure)
Press: ? - help, Shift-Dir - straight line The zap hits soul19's ghost.
Soul19's ghost resists.
Soul19's ghost is lightly damaged.
Soul19's ghost whispers, "Trust me.
Just give in."
Soul19's ghost hits you!
Ouch! That really hurt!
You aren't carrying any items that you can evoke.
Unknown command.
Hit: f) +2 whip (venom)
Press: ? - help, Dir - move target, f - soul19's ghost
Aim: soul19's ghost, wielding a heavy weapon (lightly damaged, about 42% to evade your +2 whip of venom)
Okay, then.
As you read the scroll labelled RIONLIOP MULEN, it crumbles to dust.
It is a scroll of identify.
c - 2 scrolls of amnesia Soul19's ghost hits you!
* * * LOW HITPOINT WARNING * * *
It was a potion of brilliance.
You feel clever all of a sudden.
Xom roars with laughter!
Xom smiles on you.
You feel mightier all of a sudden. Soul19's ghost hits you!
You die...
Xom thinks this is hilarious!

#...>......# #.†#..##...##.
#..........#.# ##.##.....####
#.# *#..####.######.####
#.####.###......###....#
#.##...##...[...........
#.................#.....
#.....##.........)÷.....
#.....##..............#.
#.....W@............###.
#.....##............# #.
#....>###.........#...#.
#######.....# #........##.....
#.....#.....##..........#...##
#[~~~~'...####..........#####
#....?#..## #..........#
########## #..........# *


You could see soul19's ghost.

Vanquished Creatures
  2 black bears (D:4)
  A howler monkey (D:3)
  3 hounds
  A sleepcap (D:4)
  A gnoll (D:3)
  3 adders
  2 ribbon worms
  A dart slug (D:4)
  6 orcs
  11 bats
  3 endoplasms
  3 giant cockroaches
  4 goblins
  9 hobgoblins
  3 jackals (D:2)
  6 kobolds
  2 quokkas (D:1)
  4 ball pythons
  3 frilled lizards
  4 rats
72 creatures vanquished.

Notes
Turn   | Place    | Note
-------+----------+-------------------------------------------
     0 | D:1      | PriceMaster the Spriggan Air Elementalist began the quest
                  | for the Orb.
     0 | D:1      | Reached XP level 1. HP: 9/9 MP: 5/5
   240 | D:1      | Reached skill level 3 in Spellcasting
   240 | D:1      | Reached XP level 2. HP: 13/13 MP: 0/7
   351 | D:1      | Learned a level 2 spell: Static Discharge
  1509 | D:2      | Reached skill level 1 in Conjurations
  1531 | D:2      | Reached XP level 3. HP: 16/16 MP: 6/8
  2245 | D:2      | Found a faded altar of an unknown god.
  2342 | D:2      | Prayed at the altar of an unknown god.
  2342 | D:2      | Became a worshipper of Xom of Chaos
  2493 | D:3      | Found Cucs's Assorted Antiques.
  2596 | D:3      | Reached skill level 4 in Spellcasting
  2718 | D:3      | Learned a level 2 spell: Mercury Vapours
  2777 | D:3      | Reached XP level 4. HP: 21/21 MP: 3/11
  2779 | D:3      | XOM: 5-stop teleportation journey
  2960 | D:3      | XOM: divination: detect creatures
  3068 | D:3      | XOM: silly message
  3079 | D:3      | Reached XP level 5. HP: 9/24 MP: 3/13
  3080 | D:3      | Reached skill level 5 in Spellcasting
  3660 | D:4      | Noticed a black bear
  3669 | D:4      | Killed a black bear
  3670 | D:4      | Reached XP level 6. HP: 26/28 MP: 1/15
  3673 | D:4      | XOM: cast spell 'Olgreb's Toxic Radiance'
  3873 | D:4      | Found a staircase to the Ecumenical Temple.
  3946 | D:4      | Reached skill level 6 in Spellcasting
  4103 | D:4      | XOM: divination: magic mapping
  4105 | D:4      | Found a runed translucent door.
  4113 | D:4      | Noticed soul19's ghost (amateur GrSh)
  4115 | D:4      | XOM: silly message
  4143 | D:4      | XOM: potion effect (attraction)
  4147 | D:4      | XOM: potion effect (might)
  4152 | D:4      | HP: 1/28 [soul19's ghost (10)]
  4153 | D:4      | XOM: potion effect (might)
  4153 | D:4      | Mangled by soul19's ghost

Illustrated notes

Levels and vault maps discovered:
D:1:      minmay_arrival_diagonal_passages, layout_loops_ring, serial_forest,
          infiniplex_forest_straight_2, infiniplex_forest_zigzag_1,
          infiniplex_forest_clump_diagonal, infiniplex_forest_end_3,
          infiniplex_forest_clump_double, infiniplex_forest_clump_diagonal,
          infiniplex_forest_end_2, infiniplex_forest_lined_2,
          infiniplex_forest_lined_3
D:2:      layout_loops_ring, hellmonk_ecumenical_altar_inner_sanctum,
          kennysheep_boxes
D:3:      layout_rooms, serial_shops, nicolae_shop_statue_plus, serial_curves,
          eino_curves_03, eino_curves_03, cheibrodos_gnoll_hut
D:4:      layout_rooms, minmay_temple_entry_statues,
          ebering_ghost_reflecting_pool

Skill      XL: |  1  2  3  4  5  6 |
---------------+-------------------+-----
Spellcasting   | 3 4 5 6 |  6.4
Dodging        | 3 |  3.3
Air Magic      | 3 |  3.9
Conjurations   | 1 2 |  2.2
Fighting       | |  0.1
Maces & Flails | |  0.3
Stealth        | |  3.5
Alchemy        | |  0.5

Action                     |  1- 3 |  4- 6 || total
---------------------------+-------+-------++-------
  Melee: Unarmed           |    13 |       ||    13
         Whip              |     9 |    17 ||    26
         Dagger            |     1 |       ||     1
   Cast: Shock             |   105 |    47 ||   152
         Static Discharge  |     7 |    11 ||    18
         Mercury Vapours   |     2 |     6 ||     8
    Use: Potion            |     1 |     1 ||     2
         Scroll            |       |     1 ||     1
   Stab: Sleeping          |     1 |     1 ||     2
 Armour: Robe              |    22 |    28 ||    50
  Dodge: Dodged            |    46 |    22 ||    68

Table legend: (Time is in decaauts)
 A = Elapsed time spent in this place.
 B = Non-inter-level travel time spent in this place.
 C = Inter-level travel time spent in this place.
 D = Time resting spent in this place.
 E = Time spent auto-exploring this place.
 F = Levels seen in this place.
 G = Mean time per level.
                   A        B        C        D        E       F      G
               +--------+--------+--------+--------+--------+-----+--------+
         Total |   3278 |   3202 |     76 |    273 |   2534 |   4 |  819.5 |
       Dungeon |   3278 |   3202 |     76 |    273 |   2534 |   4 |  819.5 |
               +--------+--------+--------+--------+--------+-----+--------+

Top non-repeatable levels by time:
     D:1: 1106 daAuts
     D:3: 929 daAuts
     D:2: 770 daAuts
     D:4: 471 daAuts
